AoeStats
← skusky

Four Lakes

507804877Analyzed
1v1 RM · 14d ago on Sep 19, 2026· 33m 54s· 2 players
Game mode
Random Map
Map size
Tiny (2 player)
Population
200
Speed
Normal
Resources
Standard
Victory
Conquest
Starting age
Dark Age
Ending age
Imperial Age
RankedLock teamsTeams togetherTeam positionsShared explorationLock speedFull tech treeHidden civsTurbo modeCheats
Victory
Defeat
🇫🇷 Teutons · France
1053
+17
🇦🇷 Armenians · Argentina
1077
-17
skusky
5:21 Loom
9:04 Feudal Age
24:06 Horse Collar
24:12 Double-Bit Axe
26:51 Wheelbarrow
27:43 Wheelbarrow
27:52 Fletching
28:00 Stone Mining
30:35 Castle Age
29:47 Gold Mining
31:38 Bodkin Arrow
33:35 Bow Saw
33:28 Heavy Plow
34:17 Stone Shaft Mining
footballspider
5:23 Loom
11:16 Feudal Age
11:21 Man-at-Arms
13:07 Man-at-Arms
14:33 Scale Mail Armor
26:05 Castle Age
26:31 Double-Bit Axe
33:28 Scale Barding Armor
Connection lost

Rejoining the realm…

Still unreachable

The connection could not be restored.

Session expired

The server has moved on; the page needs a fresh start.